 Dungeon Crawl Stone Soup version 0.27-a0-1325-g58a489ad9e (webtiles) character file.

Game seed: 1919034662634862504

809 Arzdou the Chopper (level 7, 0/61 HPs)
             Began as a Minotaur Berserker on June 24, 2021.
             Was a Priest of Trog.
             Slain by an orc warrior (6 damage)
             ... on level 5 of the Dungeon.
             The game lasted 00:08:30 (3891 turns).

Arzdou the Chopper (Minotaur Berserker)             Turns: 3891, Time: 00:08:31

Health: 0/61       AC: 16    Str: 28    XL:     7   Next: 61%
Magic:  6/6        EV:  8    Int:  4    God:    Trog [***...]
Gold:   191        SH:  4    Dex: 11    Spells: 6/6 levels left

rFire    . . .     SeeInvis .   a - +0 hand axe
rCold    . . .     Faith    .   p - +0 buckler
rNeg     . . .     Spirit   .   m - +0 plate armour
rPois    .         Reflect  .   (helmet restricted)
rElec    .         Harm     .   (no cloak)
rCorr    .         Rampage  .   (no gloves)
Will     .....                  (no boots)
Stlth    ..........             (no amulet)
HPRegen  0.20/turn              l - +6 ring of strength
MPRegen  0.10/turn              f - +4 ring of protection

@: no status effects
A: horns 2, retaliatory headbutt
a: Renounce Religion, Berserk, Trog's Hand


You were on level 5 of the Dungeon.
You worshipped Trog.
Trog was most pleased with you.
You visited 1 branch of the dungeon, and saw 5 of its levels.

You collected 191 gold pieces.

Inventory:

Hand Weapons
 a - a +0 hand axe (weapon)
Armour
 m - a +0 plate armour (worn)
 p - a +0 buckler (worn)
Jewellery
 f - a +4 ring of protection (right hand)
 l - a +6 ring of strength (left hand)
 n - a ring of protection from fire
Wands
 i - a wand of mindburst (30)
 q - a wand of polymorph (8)
Scrolls
 b - 2 scrolls of noise {unknown}
 d - a scroll of enchant weapon {unknown}
 g - a scroll of magic mapping {unknown}
 h - 2 scrolls of teleportation {unknown}
 o - a scroll of torment {unknown}
 r - a scroll of identify {unknown}
 s - a scroll of enchant armour {unknown}
Potions
 c - a potion of resistance {unknown}
 e - 5 potions of curing {unknown}
 j - a potion of degeneration {unknown}
 k - a potion of haste {unknown}


   Skills:
 + Level 5.4 Fighting
 + Level 7.3 Axes
 + Level 5.2 Armour
 + Level 3.7 Dodging
 + Level 1.0 Stealth
 * Level 3.0 Shields


You had 6 spell levels left.
You didn't know any spells.
Your spell library was empty.

Dungeon Overview and Level Annotations

Branches:
Dungeon (5/15)             Temple (0/1) D:4

Altars:
Elyvilon
Gozag
Nemelex Xobeh
Xom
Yredelemnul


Innate Abilities, Weirdness & Mutations

You have a pair of horns on your head.
You reflexively headbutt those who attack you in melee.


Message History

An orc priest comes into view. It is wielding a +0 mace.
The orc warrior shouts!
The orc priest shouts!
You hear a shout!
The orc priest hits you with a +0 mace.
You hit the orc priest but do no damage.
Your headbutt misses the orc priest.
An orc comes into view. It is wielding a +0 dagger.
The orc priest barely misses you. You furiously retaliate!
You headbutt the orc priest.
You hit the orc priest but do no damage.
The orc priest is moderately wounded.
The orc priest hits you but does no damage.
You slash the orc priest!
You kill the orc priest!
Trog accepts your kill.
Your Shields skill increases to level 3!
The orc warrior hits you with a +1 broad axe of electrocution!
You are electrocuted!
Things that are here:
a +0 mace; an orc corpse You closely miss the orc warrior.
The orc warrior closely misses you. You furiously retaliate!
You headbutt the orc warrior! You completely miss the orc warrior.
The orc warrior is moderately wounded.
The orc warrior hits you but does no damage.
You hit the orc warrior. Your headbutt misses the orc warrior.
The orc warrior is moderately wounded.
The orc warrior hits you with a +1 broad axe of electrocution.
You hit the orc warrior but do no damage.
You headbutt the orc warrior, but do no damage.
The orc warrior is moderately wounded.
The orc warrior hits you with a +1 broad axe of electrocution!
You closely miss the orc warrior.
The orc warrior is moderately wounded.
The orc warrior hits you but does no damage.
You are electrocuted!!
* * * LOW HITPOINT WARNING * * *
Your plate armour prevents you from hitting the orc warrior.
The orc warrior is moderately wounded.
The orc warrior hits you with a +1 broad axe of electrocution.
You die...

.. ....###
.....oo####
#o@.##
###..# #..#
##.## ##
##.## #.##
##.## ...#
##.## ...#
##.## ...#
##.##


You could see an orc warrior, an orc priest and an orc.

Vanquished Creatures
  Grinder (D:3)
  A sky beast (D:4)
  A necrophage (D:4)
  A black bear (D:5)
  A phantom (D:4)
  An orc priest (D:5)
  A hound (D:4)
  An orc wizard (D:3)
  An iguana (D:5)
  Robin (D:2)
  A gnoll (D:1)
  5 adders
  An adder zombie (D:5)
  2 dart slugs
  5 orcs
  5 ball pythons
  8 bats
  5 endoplasms
  5 giant cockroaches
  19 goblins
  15 hobgoblins
  3 quokkas (D:3)
  2 frilled lizards
  8 kobolds (D:1)
  4 rats
98 creatures vanquished.

Vanquished Creatures (others)
  2 fungi (D:3)
  6 plants (D:3)
8 creatures vanquished.

Grand Total: 106 creatures vanquished

Notes
Turn   | Place    | Note
-------+----------+-------------------------------------------
     0 | D:1      | Arzdou the Minotaur Berserker began the quest for the Orb.
     0 | D:1      | Reached XP level 1. HP: 19/19 MP: 0/0
    33 | D:1      | Reached skill level 4 in Axes
    33 | D:1      | Reached XP level 2. HP: 18/27 MP: 1/1
   510 | D:1      | Reached XP level 3. HP: 33/33 MP: 2/2
   646 | D:1      | Reached ** piety under Trog
  1288 | D:2      | Noticed Robin
  1297 | D:2      | Killed Robin
  1298 | D:2      | Reached XP level 4. HP: 30/41 MP: 3/3
  1861 | D:3      | Noticed Grinder
  1875 | D:3      | Killed Grinder
  1876 | D:3      | Reached skill level 5 in Axes
  1876 | D:3      | Reached skill level 1 in Stealth
  1876 | D:3      | Reached XP level 5. HP: 47/47 MP: 4/4
  1876 | D:3      | Reached XP level 6. HP: 55/55 MP: 5/5
  2147 | D:3      | Reached skill level 5 in Fighting
  2147 | D:3      | Reached skill level 6 in Axes
  2220 | D:3      | Found a shimmering altar of Xom.
  2290 | D:3      | Reached *** piety under Trog
  2464 | D:3      | Found a faded altar of an unknown god.
  3023 | D:4      | Reached skill level 1 in Shields
  3165 | D:4      | Found a white marble altar of Elyvilon.
  3221 | D:4      | Noticed a sky beast
  3236 | D:4      | Killed a sky beast
  3237 | D:4      | Reached XP level 7. HP: 61/61 MP: 6/6
  3275 | D:4      | Found an opulent altar of Gozag.
  3329 | D:4      | Found a basalt altar of Yredelemnul.
  3384 | D:4      | Reached skill level 7 in Axes
  3436 | D:4      | Found a sparkling altar of Nemelex Xobeh.
  3551 | D:4      | Found a staircase to the Ecumenical Temple.
  3662 | D:5      | Entered Level 5 of the Dungeon
  3742 | D:5      | Reached skill level 5 in Armour
  3891 | D:5      | Slain by an orc warrior

Illustrated notes

Levels and vault maps discovered:
D:1:      pf_arrival_petrified_forest, layout_basic, serial_glass,
          glass_columns_a, glass_columns_b, minmay_door_square,
          palyth_stone_intersect, st_stairs_2, minmay_misc_feat_roman
D:2:      layout_loops_ring, minmay_misc_feat_columns, uniq_robin
D:3:      layout_loops_ring, lemuel_crystal_altar,
          shapermc_ecumenical_altar_mp_ritualfount, serial_forest,
          infiniplex_forest_end_2, infiniplex_forest_lined_room_2,
          infiniplex_forest_zigzag_1, infiniplex_forest_corner_1,
          infiniplex_forest_lined_2, minmay_misc_feat_enclosed,
          minmay_misc_feat_four_crosses, uniq_grinder
D:4:      layout_basic, kennysheep_ying_yang, lemuel_coloured_pillars_altar,
          nemelex_altar_shiori, temple_green
D:5:      layout_layer_cave

Skill      XL: |  1  2  3  4  5  6  7 |
---------------+----------------------+-----
Axes           | 4 5 6 7 |  7.3
Fighting       | 4 5 |  5.4
Armour         | 3 4 5 |  5.2
Dodging        | 3 |  3.7
Stealth        | 1 |  1.0
Shields        | 1 3 |  3.0

Action                   |  1- 3 |  4- 6 |  7- 9 || total
-------------------------+-------+-------+-------++-------
Melee: Hand axe          |    82 |   118 |    47 ||   247
       Headbutt          |    14 |    15 |    10 ||    39
Invok: Berserk           |       |     3 |       ||     3
 Stab: Sleeping          |     1 |       |       ||     1
Armor: Animal skin       |    13 |       |       ||    13
       Ring mail         |    12 |     9 |       ||    21
       Plate armour      |       |    57 |    20 ||    77
Dodge: Dodged            |    45 |    44 |    16 ||   105
Block: Buckler           |       |     1 |     8 ||     9

Table legend: (Time is in decaauts)
 A = Elapsed time spent in this place.
 B = Non-inter-level travel time spent in this place.
 C = Inter-level travel time spent in this place.
 D = Time resting spent in this place.
 E = Time spent auto-exploring this place.
 F = Levels seen in this place.
 G = Mean time per level.
                   A        B        C        D        E       F      G
               +--------+--------+--------+--------+--------+-----+--------+
         Total |   3933 |   3884 |     49 |      0 |   3235 |   5 |  786.6 |
       Dungeon |   3933 |   3884 |     49 |      0 |   3235 |   5 |  786.6 |
               +--------+--------+--------+--------+--------+-----+--------+

Top non-repeatable levels by time:
     D:1: 1097 daAuts
     D:3: 1004 daAuts
     D:4: 824 daAuts
     D:2: 779 daAuts
     D:5: 228 daAuts
